 Dungeon Crawl Stone Soup version 0.29-a0-676-ga64570c9d2 (webtiles) character file.

Game seed: 5405474389266613862

5975 Vylera the Thaumaturge (level 11, -2/65 HPs)
             Began as a Djinni Air Elementalist on June 24, 2022.
             Was a High Priest of Nemelex Xobeh.
             Slain by a raiju (8 damage)
             ... on level 8 of the Dungeon.
             The game lasted 00:41:18 (11939 turns).

Vylera the Thaumaturge (Djinni Air Elementalist)   Turns: 11939, Time: 00:41:20

Health: -2/65      AC: 11    Str:  7    XL:     11   Next: 10%
Gold:   196        EV: 18    Int: 21    God:    Nemelex Xobeh [*****.] SH:  0 Dex: 14

rFire   + + .      SeeInvis .   B - +2 rapier (elec)
rCold   + . .      Faith    .   (no shield)
rNeg    . . .      Spirit   .   G - +3 leather armour {rC+}
rPois   ∞          Reflect  .   Q - +0 helmet
rElec   .          Harm     .   (no cloak)
rCorr   .          Rampage  .   i - +2 pair of gloves
Will    +....                   (boots unavailable)
Stlth   ++........              t - amulet of the acrobat
HPRegen 0.20/turn               f - ring of protection from cold
MPRegen 0.00/turn               w - +4 ring of evasion

@: flying
A: sickness immunity, fire resistance 2, cold vulnerability 1, float, innate
caster, HP casting, extra vitality 1
a: Renounce Religion, Draw Escape, Draw Destruction, Draw Summoning, Triple
Draw, Deal Four, Stack Five


You were on level 8 of the Dungeon.
You worshipped Nemelex Xobeh.
Nemelex Xobeh was extremely pleased with you.
You visited 1 branch of the dungeon, and saw 8 of its levels.
You also visited: Ossuary.

You collected 637 gold pieces.
You spent 441 gold pieces at shops.

Inventory:

Hand Weapons
 e - the +6 dagger of Moen {drain, *Noise rElec rC++ Str+4}
   (You took it off a centaur on level 8 of the Dungeon)

   A truly terrible weapon, it drains the life of any living foe it strikes.
   Str:       It affects your strength (+4).
   rC:        It greatly protects you from cold.
   rElec:     It insulates you from electricity.
   *Noise:    It may make noises in combat.
 B - a +2 rapier of electrocution (weapon)
Missiles
 A - 16 poisoned darts
Armour
 a - a +0 robe
 i - a +2 pair of gloves (worn)
 G - a +3 leather armour of cold resistance (worn)
 M - the +1 robe of the Sea {rF+}
   (You bought it in a shop on level 6 of the Dungeon)

   rF:        It protects you from fire.
 Q - a +0 helmet (worn)
 U - a +2 robe of the Archmagi
Jewellery
 f - a ring of protection from cold (left hand)
 l - a ring of positive energy
 t - an amulet of the acrobat (around neck)
 w - a +4 ring of evasion (right hand)
 O - a ring of resist corrosion
Wands
 b - a wand of flame (20)
 m - a wand of iceblast (25)
 P - a wand of digging (6)
 T - a wand of polymorph (12)
Scrolls
 c - 2 scrolls of brand weapon
 d - 2 scrolls of teleportation
 n - a scroll of identify
 p - 3 scrolls of immolation
 r - 8 scrolls of poison
 u - 3 scrolls of enchant weapon
 x - 3 scrolls of magic mapping
 y - 2 scrolls of vulnerability
 z - a scroll of summoning
Potions
 g - a potion of degeneration {unknown}
 h - 2 potions of ambrosia {unknown}
 j - 4 potions of might
 k - 2 potions of heal wounds
 o - a potion of berserk rage {unknown}
 s - 9 potions of curing
 v - 2 potions of attraction {unknown}
 C - 2 potions of haste {unknown}
 D - 2 potions of invisibility {unknown}
 E - 4 potions of brilliance {unknown}
 F - a potion of resistance {unknown}
 I - 2 potions of magic {unknown}
 J - a potion of experience {unknown}
 K - 2 potions of flight {unknown}
 S - a potion of cancellation {unknown}


   Skills:
 + Level 5.7 Armour
 + Level 6.8 Dodging
 - Level 1.5 Stealth
 * Level 9.1 Spellcasting
 + Level 7.5 Invocations


You had 5 spell levels left.
You knew the following spells:

 Your Spells              Type           Power      Damage    Failure   Level
a - Shock                 Conj/Air       100%       1d9       1%          1
b - Static Discharge      Conj/Air       48%        N/A       1%          2
c - Swiftness             Air            48%        N/A       1%          3
d - Airstrike             Air            24%        N/A       2%          4
e - Foxfire               Conj/Fire      100%       2x1d9     1%          1
f - Blink                 Tloc           96%        N/A       1%          2
g - Scorch                Fire           96%        2d9       1%          2
h - Sticky Flame          Conj/Fire      48%        2d7       2%          4
i - Olgreb's Toxic Radia  Pois           48%        N/A       2%          4
Your spell library was empty.

Dungeon Overview and Level Annotations

Branches:
Dungeon (8/15)             Temple (0/1) D:7         Ossuary (visited)
   Lair: D:8-11

Altars:
Ashenzari
Nemelex Xobeh
Wu Jian
Xom

Shops:
D:1 [   D:6 :[*=(

Annotations:
D:7 4 runed translucent doors


Innate Abilities, Weirdness & Mutations

You are immune to sickness and miasma.
You are immune to poison.
Your flesh is very heat resistant. (rF++)
You are vulnerable to cold. (rC-)
You float through the air rather than walking.
You learn spells naturally, not from books.
Your magical power is your life essence.
You have superior vitality. (+4 MHP)


Message History

The wind drake is almost dead.
The wind drake bites you but does no damage.
Casting: Scorch (safe; 1% risk of failure)
Confirm with . or Enter, or press ? or * to list all spells.
You conjure some foxfire!
The wind drake bites you. The wind drake flaps its wings at you.
The air twists around and strikes you!
* * * LOW HITPOINT WARNING * * *
Unknown command.
Casting: Foxfire (safe; 1% risk of failure)
Confirm with . or Enter, or press ? or * to list all spells.
Aiming: Shock (safe; 1% risk of failure)
Press: ? - help, Shift-Dir - straight line, f - scorpion
Aim: a scorpion (74% to hit)
The zap misses the wind drake.
The zap hits the raiju.
The raiju completely resists.
The raiju is lightly wounded.
The zap hits the basilisk.
The basilisk is lightly wounded.
The zap hits the scorpion!
The scorpion is heavily wounded.
The zap misses the wyvern.
* * * LOW HITPOINT WARNING * * *
The raiju seems to return to its normal shape.
The wind drake is no longer more vulnerable to fire.
The foxfire hits the wind drake!
The wind drake is almost dead.
The foxfire hits the wind drake!
You kill the wind drake!
The yak returns to its original shape as it dies.
The raiju bursts into living lightning!
The living lightning misses you.
The raiju blinks!
Unknown command.
You draw a card...
You have drawn the Cloud.
Clouds appear around you!
Your killer bee barely misses the raiju.
Your killer bee misses the raiju.
The raiju bites you.
* * * LOW HITPOINT WARNING * * *
The raiju shocks you!
You die...
Your body glows with a rainbow of weird colours and disappears.

#s# #.############ #.#
#..#...#...#.# #†#
#...#..#..#... #l#
#....#.#.#....
#.####.....###.....
#s#................
#l#...###.......###
######§#y.#.#.#.....#.#.
#.....§@y#..#..#...#..#.
#.....§h#...#...#.#...#.
#.....§§################
#......[.[#.#.# #.#.
######..#[#.#.# #..
#..#<#.#.###...
#..###........>#
#........###.###
#..........#.#


You could see a raiju (ally target), a basilisk and 2 friendly killer bees.

Vanquished Creatures
  A two-headed ogre (D:7)
  A wind drake (D:8)
  A troll (D:7)
  A hornet (D:7)
  2 wyverns
  8 yaks
  3 water moccasins
  An ice beast (D:7)
  An orc warrior (D:7)
  An ogre (D:6)
  2 centaurs
  A phantom (D:5)
  3 bullfrogs
  Blork the orc (D:6)
  A scorpion (D:7)
  2 necrophages
  4 wights (D:6)
  An electric eel (D:6)
  3 howler monkeys
  3 hounds
  4 orc priests
  7 iguanas
  3 jellies
  A gnoll shaman (D:7)
  Natasha (thrice) (D:4 D:3)
  9 orc wizards
  9 mummies
  3 gnolls (D:2)
  6 adders
  A shadow imp (D:6)
  A white imp (D:6)
  3 worms
  5 dart slugs
  33 orcs
  4 endoplasms
  13 giant cockroaches
  2 gnoll zombies (Ossuary)
  6 goblins
  6 hobgoblins
  9 jackals
  5 quokkas
  7 ball pythons
  4 bats
  2 goblin zombies (D:5)
  A hobgoblin zombie (Ossuary)
  7 kobolds
  2 kobold zombies (Ossuary)
  3 orc zombies (Ossuary)
  5 rats
205 creatures vanquished.

Vanquished Creatures (collateral kills)
  A cyclops (D:8)
  A water moccasin (D:8)
  Terence (D:2)
  An adder (D:2)
  A dart slug (D:2)
  A hobgoblin (D:2)
  5 foxfires (D:6)
11 creatures vanquished.

Vanquished Creatures (others)
  377 foxfires
  3 fungi (D:8)
  19 plants
399 creatures vanquished.

Grand Total: 615 creatures vanquished

Notes
Turn   | Place    | Note
-------+----------+-------------------------------------------
     0 | D:1      | Vylera the Djinni Air Elementalist began the quest for the
                  | Orb.
     0 | D:1      | Vylera set off with the following spells memorised: Shock,
                  | Static Discharge, Swiftness, Airstrike.
     0 | D:1      | Reached XP level 1. HP: 15/15 MP: 0/0
   121 | D:1      | You are sucked into a shaft and drop 1 floor!
   137 | D:2      | Reached XP level 2. HP: 10/21 MP: 0/0
   354 | D:1      | Reached skill level 3 in Spellcasting
   600 | D:1      | Reached XP level 3. HP: 22/25 MP: 0/0
   600 | D:1      | Learned a level 1 spell: Foxfire
   902 | D:1      | Found a faded altar of an unknown god.
   910 | D:1      | Prayed at the altar of an unknown god.
   910 | D:1      | Became a worshipper of Nemelex Xobeh the Trickster
   910 | D:1      | Reached * piety under Nemelex Xobeh
   910 | D:1      | Received a gift from Nemelex Xobeh
  1376 | D:1      | Found Nymav's Armour Shoppe.
  1727 | D:2      | Reached ** piety under Nemelex Xobeh
  1815 | D:2      | Reached XP level 4. HP: 27/31 MP: 0/0
  1818 | D:2      | Reached skill level 1 in Invocations
  2118 | D:2      | Noticed Terence
  2162 | D:2      | Killed Terence
  2163 | D:2      | Reached skill level 4 in Spellcasting
  2163 | D:2      | Reached XP level 5. HP: 9/35 MP: 0/0
  2163 | D:2      | Learned a level 2 spell: Blink
  3704 | D:3      | Reached *** piety under Nemelex Xobeh
  4210 | D:4      | Reached XP level 6. HP: 20/40 MP: 0/0
  4399 | D:4      | Noticed Natasha
  4404 | D:4      | Killed Natasha
  4679 | D:4      | Received a gift from Nemelex Xobeh
  5002 | D:4      | Noticed Natasha
  5005 | D:4      | Killed Natasha
  5193 | D:4      | Noticed Natasha
  5458 | D:3      | Killed Natasha
  5459 | D:3      | Reached skill level 5 in Spellcasting
  5459 | D:3      | Reached XP level 7. HP: 36/45 MP: 0/0
  5459 | D:3      | Learned a level 2 spell: Scorch
  5612 | D:4      | Noticed Dowan
  5960 | D:4      | Noticed Duvessa
  5963 | D:4      | Noticed Dowan
  5963 | D:4      | Dowan changed into Dowan the hound
  5963 | D:4      | Noticed Duvessa
  5963 | D:4      | Duvessa changed into Duvessa the swamp drake
  5964 | D:4      | Killed Dowan the hound
  5967 | D:4      | Noticed Duvessa
  5967 | D:4      | Duvessa the swamp drake changed into Duvessa the iguana
  5971 | D:4      | Killed Duvessa the iguana
  6207 | D:4      | Received a gift from Nemelex Xobeh
  6417 | D:5      | Entered Level 5 of the Dungeon
  6476 | D:5      | Reached **** piety under Nemelex Xobeh
  6526 | D:5      | Found a sand-covered staircase.
  6531 | Ossuary  | Entered an ossuary
  6998 | D:5      | Reached XP level 8. HP: 45/50 MP: 0/0
  7150 | D:1      | Bought a +3 leather armour of cold resistance for 288 gold
                  | pieces
  7265 | D:5      | Found a broken altar of Ashenzari.
  7338 | D:5      | Received a gift from Nemelex Xobeh
  7348 | D:5      | Reached skill level 6 in Spellcasting
  8132 | D:6      | Found Siramoyri's Book Emporium.
  8420 | D:6      | Noticed Blork the orc
  8424 | D:6      | Reached skill level 1 in Armour
  8425 | D:6      | Killed Blork the orc
  8521 | D:6      | Received a gift from Nemelex Xobeh
  8588 | D:6      | Reached skill level 5 in Invocations
  8693 | D:6      | Found Emimn's Antique Armour Emporium.
  8697 | D:6      | Bought a faintly glowing robe for 153 gold pieces
  8697 | D:6      | Identified the +1 robe of the Sea {rF+} (You bought it in a
                  | shop on level 6 of the Dungeon)
  8729 | D:6      | Reached XP level 9. HP: 49/55 MP: 0/0
  8729 | D:6      | Learned a level 4 spell: Sticky Flame
  8774 | D:6      | Reached skill level 7 in Spellcasting
  9022 | D:6      | Found Uxaris's Weapon Boutique.
  9187 | D:6      | Found Foicwaiv's Assorted Antiques.
  9189 | D:6      | Found Ynotwo Qytt's Jewellery Shoppe.
  9409 | D:7      | Reached ***** piety under Nemelex Xobeh
  9484 | D:7      | Found a staircase to the Ecumenical Temple.
  9862 | D:7      | Received a gift from Nemelex Xobeh
  9886 | D:7      | Found a shimmering altar of Xom.
 10088 | D:7      | Found a large runed translucent door.
 10088 | D:7      | Found a large runed translucent door.
 10104 | D:7      | Noticed a two-headed ogre
 10109 | D:7      | Killed a two-headed ogre
 10110 | D:7      | Reached skill level 5 in Dodging
 10110 | D:7      | Reached skill level 8 in Spellcasting
 10110 | D:7      | Reached XP level 10. HP: 30/60 MP: 0/0
 10291 | D:7      | Noticed a skeletal warrior
 10291 | D:7      | Noticed a cyan ugly thing
 10331 | D:7      | Found a large runed translucent door.
 10331 | D:7      | Found a large runed translucent door.
 10350 | D:7      | Found an ornate altar of the Wu Jian Council.
 11025 | D:8      | Identified the +6 dagger of Moen {drain, *Noise rElec rC++
                  | Str+4}
 11512 | D:8      | Reached skill level 5 in Armour
 11874 | D:8      | Noticed Erica
 11921 | D:8      | Noticed Erica
 11926 | D:8      | Killed Erica the cyclops
 11927 | D:8      | Reached skill level 9 in Spellcasting
 11927 | D:8      | Reached XP level 11. HP: 33/65 MP: 0/0
 11927 | D:8      | Learned a level 4 spell: Olgreb's Toxic Radiance
 11939 | D:8      | Slain by a raiju

Illustrated notes

Levels and vault maps discovered:
D:1:      nzn_arrival_water_spiral, layout_basic, serial_shops,
          nicolae_lakefront_shop, hellmonk_ecumenical_altar_leap_of_faith
D:2:      minmay_roachtagon, layout_basic, kennysheep_cross_room, minmay_vboxes,
          uniq_terence
D:3:      layout_basic
D:4:      layout_loops_corners, uniq_natasha, uniq_duvessa
D:5:      layout_cave_pools, nicolae_ashenzari_panopticon,
          nicolae_ossuary_entry_giza
D:6:      layout_basic, serial_shops, nicolae_shop_stone,
          nicolae_shop_waterfront, shop, nicolae_shop_bloodbath_and_beyond,
          nicolae_shop_hallway_stairs, serial_bayou_lagoon_a, uniq_blork_the_orc
D:7:      layout_cave_pools, kennysheep_mini, lemuel_tele_altar,
          temple_doors_ab, minmay_hollow_rounded_squares
D:8:      layout_basic, amcnicky_altar_gilded, minmay_lair_entry_grove,
          biasface_ghost_orc_armoury, special_room [special_room_kobold],
          hangedman_decor_diamond_cutter, uniq_erica

Skill      XL: |  1  2  3  4  5  6  7  8  9 10 |
---------------+-------------------------------+-----
Spellcasting   | 3 4 5 6 8 9 |  9.1
Invocations    | 1 2 3 4 5 6 7 |  7.5
Armour         | 2 4 5 |  5.7
Dodging        | 3 5 6 |  6.8
Stealth        | |  1.5

Action                   |  1- 3 |  4- 6 |  7- 9 | 10-12 || total
-------------------------+-------+-------+-------+-------++-------
Melee: Trident           |       |     5 |     1 |       ||     6
       Rapier            |       |       |    19 |    13 ||    32
       Punch             |       |       |       |     1 ||     1
 Cast: Shock             |    70 |    37 |    39 |     9 ||   155
       Foxfire           |     2 |   100 |   124 |    15 ||   241
       Scorch            |       |       |    55 |    38 ||    93
       Blink             |       |       |     1 |     1 ||     2
       Airstrike         |       |       |       |    13 ||    13
       Sticky Flame      |       |       |       |     8 ||     8
Invok: Draw Summoning    |       |     1 |     1 |     2 ||     4
       Draw Destruction  |       |       |     6 |     4 ||    10
       Draw Escape       |       |       |       |     1 ||     1
  Use: Scroll            |       |       |       |    16 ||    16
       Potion            |       |       |       |     1 ||     1
 Stab: Sleeping          |       |       |     2 |       ||     2
Armor: Robe              |       |     5 |     2 |       ||     7
       Leather armour    |       |       |    18 |    20 ||    38
Dodge: Dodged            |     4 |    25 |    66 |    67 ||   162

Table legend: (Time is in decaauts)
 A = Elapsed time spent in this place.
 B = Non-inter-level travel time spent in this place.
 C = Inter-level travel time spent in this place.
 D = Time resting spent in this place.
 E = Time spent auto-exploring this place.
 F = Levels seen in this place.
 G = Mean time per level.
                   A        B        C        D        E       F      G
               +--------+--------+--------+--------+--------+-----+--------+
         Total |  11950 |  11597 |    353 |   2189 |   7682 |   9 | 1327.8 |
       Dungeon |  11586 |  11233 |    353 |   2074 |   7523 |   8 | 1448.2 |
       Ossuary |    363 |    363 |      0 |    115 |    159 |   1 |  363.0 |
               +--------+--------+--------+--------+--------+-----+--------+

Top non-repeatable levels by time:
     D:4: 2200 daAuts
     D:7: 2065 daAuts
     D:2: 1743 daAuts
     D:3: 1432 daAuts
     D:1: 1401 daAuts
     D:6: 1277 daAuts
     D:5: 997 daAuts
     D:8: 468 daAuts
 Ossuary: 363 daAuts
